 Dungeon Crawl Stone Soup version 0.32-a0-411-g744942f433 (console) character file.

Game seed: 14731253161440428723

2174849 elliptic the Conqueror (level 27, 249/249 HPs)
             Began as a Coglin Alchemist on Feb 20, 2024.
             Was the Champion of Okawaru.
             Escaped with the Orb
             ... and 3 runes
             ... and 2 gems!
             The game lasted 03:06:14 (50426 turns).

elliptic the Conqueror (Coglin Alchemist)          Turns: 50426, Time: 03:06:14

Health: 249/249    AC: 14    Str: 10 (11) XL:     27
Magic:  34/34      EV: 62    Int: 20      God:    Okawaru [******]
Gold:   3289       SH:  0    Dex: 50      Spells: 30/30 levels left

rFire   + . .        a - +9 hand cannon (chaos) {Hong, norare}
rCold   + . .        b - +9 hand cannon (freeze) {Xiuhtonal}
rNeg    . . .        N - +3 leather armour of Saaj {Dex+6, nodragon}
rPois   .            J - +0 hat of Dull Intercession {rCorr Dex+4 SInv}
rElec   .            s - scarf {rC+ rF+}
rCorr   +            B - +2 pair of gloves {Dex+3}
SInv    +            k - +2 pair of boots
Will    +++..        Y - amulet of regeneration
Stlth   ++           v - ring "Perghy" {+Blink Int+6 Dex+6}
HPRegen 1.41/turn    Q - +6 ring of dexterity
MPRegen 0.24/turn

%: no passive effects
@: hasted, very quick
A: off-hand wielding, slow wielding, warmup strikes, legs shutdown, clumsy 1,
strong-willed 1
0: Orb of Zot
}: 3/15 runes: barnacled, silver, gossamer
a: Renounce Religion, Evoke Blink, Heroism, Finesse, Duel


You escaped.
You worshipped Okawaru.
Okawaru was exalted by your worship.
You visited 11 branches of the dungeon, and saw 51 of its levels.
You also visited: Sewer, Gauntlet, Volcano and Desolation.

You collected 8054 gold pieces.
You spent 4765 gold pieces at shops.


Innate Abilities, Weirdness & Mutations

You can wield a second weapon in your off-hand.
It takes a long time for you to wield or remove held weapons.
Your first few attacks do less damage.
Attacking and casting redirects power from your legs.
You are clumsy. (Dex -2)
You are strong-willed. (Will+)


   Skills:
 O Level 27 Fighting
 + Level 18.1 Ranged Weapons
 - Level 11.0 Armour
 O Level 27 Dodging
 - Level 1.5 Stealth
 - Level 2.0 Spellcasting
 - Level 2.0 Conjurations
 - Level 3.2 Alchemy
 - Level 15.0 Invocations


You had 30 spell levels left.
You didn't know any spells.
Your spell library contained the following spells:

 Spells                   Type           Power      Damage    Failure   Level
 Sting                    Conj/Alch      48%        1d6       7%          1
 Foxfire                  Conj/Fire      24%        2x1d5     13%         1
 Shock                    Conj/Air       24%        1d4       13%         1
 Mercury Vapours          Alch/Air       16%        N/A       16%         2
 Apportation              Tloc           4%         N/A       21%         1
 Freeze                   Ice            8%         1d3       21%         1
 Slow                     Hex            8%         N/A       21%         1
 Momentum Strike          Conj/Tloc      12%        3d8       21%         2
 Mephitic Cloud           Conj/Alch/Air  9%         N/A       28%         3
 Blink                    Tloc           4%         N/A       30%         2
 Jinxbite                 Hex            4%         N/A       30%         2
 Lesser Beckoning         Tloc           4%         N/A       30%         2
 Dazzling Flash           Conj/Hex       12%        N/A       36%         3
 Hailstorm                Conj/Ice       6%         3d5       36%         3
 Olgreb's Toxic Radiance  Alch           15%        N/A       45%         4
 Confusing Touch          Hex            2%         N/A       52%         3
 Frozen Ramparts          Ice            4%         1d1       52%         3
 Fugue of the Fallen      Necr           2%         N/A       52%         3
 Gell's Gravitas          Tloc           2%         N/A       52%         3
 Ozocubu's Armour         Ice            2%         N/A       52%         3
 Sigil of Binding         Hex            2%         N/A       52%         3
 Swiftness                Air            2%         N/A       52%         3
 Teleport Other           Tloc           2%         N/A       52%         3
 Vampiric Draining        Necr           2%         2d6       52%         3
 Volatile Blastmotes      Fire/Tloc      4%         2d10      52%         3
 Fulminant Prism          Conj/Alch      6%         3d7       56%         4
 Leda's Liquefaction      Alch/Erth      4%         N/A       71%         4
 Petrify                  Alch/Erth      8%         N/A       71%         4
 Sticky Flame             Fire/Alch      8%         2d4       71%         4
 Brom's Barrelling Bould  Conj/Erth      6%         2d3       78%         4
 Iskenderun's Mystic Bla  Conj/Tloc      6%         2d4       78%         4
 Alistair's Intoxication  Alch           10%        N/A       82%         5
 Airstrike                Air            1%         2d(1-17)  89%         4
 Dimensional Bullseye     Hex/Tloc       1%         N/A       89%         4
 Manifold Assault         Tloc           2%         N/A       89%         4
 Vhi's Electric Charge    Tloc/Air       4%         N/A       89%         4
 Iskenderun's Battlesphe  Conj           10%        2d6       94%         5
 Arcjolt                  Conj/Air       3%         1d13      98%         5
 Fireball                 Conj/Fire      3%         3d4       98%         5
 Borgnjor's Vile Clutch   Necr/Erth      1%         N/A       99%         5
 Curse of Agony           Necr           2%         N/A       99%         5
 Freezing Cloud           Conj/Ice/Air   2%         6-21      99%         5
 Lee's Rapid Deconstruct  Erth           1%         3d4*      99%         5
 Metabolic Englaciation   Hex/Ice        1%         N/A       99%         5
 Silence                  Hex/Air        1%         N/A       99%         5
 Bombard                  Conj/Erth      3%         9d1       100%        6
 Conjure Ball Lightning   Conj/Air       3%         3x3d6     100%        6
 Dispersal                Tloc           1%         N/A       100%        6
 Plasma Beam              Fire/Air       1%         2x1d11    100%        6
 Starburst                Conj/Fire      3%         6d3       100%        6
 Orb of Destruction       Conj           5%         9d5       100%        7
 Ozocubu's Refrigeration  Ice            1%         4d7       100%        7
 Borgnjor's Revivificati  Necr           1%         N/A       100%        8
 Discord                  Hex            1%         N/A       100%        8
 Chain Lightning          Conj/Air       3%         3d4       100%        9
 Death's Door             Necr           1%         N/A       100%        9
 Polar Vortex             Ice            1%         N/A       100%        9
 Call Canine Familiar     Summ           Unusable   N/A       N/A         3
 Animate Armour           Summ/Erth      Unusable   N/A       N/A         4
 Animate Dead             Necr           Unusable   N/A       N/A         4
 Summon Lightning Spire   Summ/Air       Unusable   N/A       N/A         4
 Death Channel            Necr           Unusable   N/A       N/A         6
 Sculpt Simulacrum        Ice/Alch       Unusable   N/A       N/A         6
 Summon Cactus Giant      Summ           Unusable   N/A       N/A         6
 Haunt                    Necr/Summ      Unusable   N/A       N/A         7
 Spellforged Servitor     Conj/Summ      Unusable   N/A       N/A         7

Inventory:

Hand Weapons
 a - a +9 hand cannon of chaos (weapon) {Hong, norare}
 b - a +9 hand cannon of freezing (offhand) {Xiuhtonal}
Missiles
 f - 6 throwing nets
 h - 18 curare-tipped darts (quivered)
Armour
 d - the +1 helmet of the Gardener {^Contam rElec rC+ Int+5}
   (You bought it in a shop on level 2 of the Orcish Mines)

   Int+5:     It affects your intelligence (+5).
   rC+:       It protects you from cold.
   rElec:     It insulates you from electricity.
   ^Contam:   It causes magical contamination when unequipped.
 i - a +1 cloak of willpower
 k - a +2 pair of boots (worn)
 r - the +1 helmet of the Tick {SInv}
   (You found it in a Gauntlet)

   SInv:      It lets you see invisible.
 s - a scarf of resistance (worn)
 B - a +2 pair of gloves of dexterity (worn)
 I - quicksilver dragon scales
 J - the +0 hat of Dull Intercession (worn) {rCorr Dex+4 SInv}
   (You found it in a Gauntlet)

   Dex+4:     It affects your dexterity (+4).
   SInv:      It lets you see invisible.
   rCorr:     It protects you from acid and corrosion.
 N - the +3 leather armour of Saaj (worn) {Dex+6, nodragon}
   (You found it on level 4 of the Lair of Beasts)

   Dex+6:     It affects your dexterity (+6).
 R - the +2 cloak of New Discoveries {rPois rCorr Slay+2}
   (Okawaru gifted it to you on level 3 of the Lair of Beasts)

   Slay+2:    It affects your accuracy & damage with ranged weapons and melee
   (+2).
   rPois:     It protects you from poison rCorr: It protects you from acid and
   corrosion.
 S - the +1 cloak of Starlight {*Dazzle EV+4 Stlth--}
   (You found it on level 13 of the Dungeon)

   *Dazzle:   It may blind those who miss an attack against the wearer in melee
   combat.
   EV+4:      It affects your evasion (+4).
   Stlth--:   It makes you much less stealthy.
 V - the +1 helmet of Refuge {Str+3}
   (You found it in a volcano)

   Str+3:     It affects your strength (+3).
Jewellery
 c - a ring of protection from fire
 g - a ring of protection from cold
 v - the ring "Perghy" (left grasper) {+Blink Int+6 Dex+6}
   (You found it on level 3 of the Elven Halls)

   [ring of intelligence]

   Int+6:     It affects your intelligence (+6).
   Dex+6:     It affects your dexterity (+6).
   +Blink:    It lets you blink.
 C - the ring of Feoffydu {Will++ Str-2 Int+2 Dex+2 SInv}
   (You found it on level 3 of the Depths)

   [ring of see invisible]

   Str-2:     It affects your strength (-2).
   Int+2:     It affects your intelligence (+2).
   Dex+2:     It affects your dexterity (+2).
   Will++:    It greatly increases your willpower.
   SInv:      It lets you see invisible.
 D - the ring of Lust {rPois Str+4 SInv}
   (You found it on level 3 of the Elven Halls)

   [ring of see invisible]

   Str+4:     It affects your strength (+4).
   rPois:     It protects you from poison SInv: It lets you see invisible.
 F - a ring of flight
 H - the ring "Gop Gogif" {rN+ EV+5 Dex+4}
   (You found it on level 4 of the Depths)

   [ring of evasion]

   EV+5:      It affects your evasion (+5).
   Dex+4:     It affects your dexterity (+4).
   rN+:       It protects you from negative energy.
 Q - a +6 ring of dexterity (right grasper)
 U - a ring of resist corrosion
 Y - an amulet of regeneration (around neck)
Wands
 n - a wand of quicksilver (31)
 w - a wand of roots (60)
 X - a wand of digging (1)
Scrolls
 e - 6 scrolls of poison
 j - 8 scrolls of fog
 t - 15 scrolls of teleportation
 u - 5 scrolls of fear
 x - 2 scrolls of silence {!r}
 K - 3 scrolls of enchant armour
 M - 14 scrolls of blinking
Potions
 l - 18 potions of curing
 m - 10 potions of brilliance
 o - 5 potions of enlightenment
 p - 14 potions of ambrosia
 q - 3 potions of cancellation
 y - 8 potions of magic
 z - 17 potions of heal wounds
 A - 12 potions of might
 G - 5 potions of invisibility
 L - 5 potions of berserk rage {!q}
 O - 9 potions of haste
 T - 2 potions of resistance
 W - 13 potions of mutation {!q}
Miscellaneous
 P - a lightning rod (4/4)


Message History

A reaper comes into view. It is wielding a +3 scythe of venom.
You shoot a bolt. The bolt hits the reaper!!
The bolt freezes the reaper.
The reaper is moderately wounded.
You shoot a bolt. The bolt completely misses the reaper.
You shoot a bolt. The bolt hits the reaper!!
The bolt burns the reaper.
The reaper is severely wounded.
You shoot a bolt. The bolt hits the reaper!
The bolt freezes the reaper.
The reaper is almost dead.
Unknown command.
You shoot a bolt. The bolt hits the reaper!!
The bolt freezes the reaper.
You kill the reaper!
Okawaru accepts your kill.
You shoot a bolt.
Unknown command.
No target in view!
(D) Dungeon (T) Temple (L) Lair (A) Shoals (N) Spider Nest (M) Slime Pits (O) Orcish Mines (E) Elven Halls (V) Vaults (C) Crypt (W) Tomb (U) Depths (H) Hell (Z) Zot
Where to? (Tab/Enter - D:5 @ (x,y), ? - help)
You see here a +3 scythe of venom.
There is a stone staircase leading up here.
You climb upwards.
There is a stone staircase leading down here.
There is a stone staircase leading up here.
You climb upwards.
There is a stone staircase leading down here.
You see here a rat skeleton.
You see here a quokka skeleton.
There is a stone staircase leading up here.
You climb upwards.
There is a stone staircase leading down here.
You see here a rat skeleton.
There is a stone staircase leading up here.
You climb upwards.
There is a stone staircase leading down here.
You feel yourself speed up.
You see here a ball python skeleton.
There is a staircase leading out of the dungeon here.
You have escaped!

......# #...........#.##....##.
...%..# #...........#.#.....'..
......# #..........##.#.##.###.
...(..#####....................##
##..#...........%..######.##..###
......##..###....8.#### #.###.###
........#..#.......~~~# #.# #.##.
..#.#.#.##........~~~~# #.# #....
..#.#.......8..8@.~~¤># #.# ###.#
..#.#..#..........¤¤~¤###.#####..
.......#......[..¤.~¤~##...##....
.#.....#.........8.#####...#..##.
.##.....###.##.....# ##...#.####
.###......#.#...#######......# #
.####.....#.#.#............### #
....#..#....#.#####.###....#
.#..##.#.#..#.# ###.###....# ###


There were no monsters in sight!

Vanquished Creatures
  4 dread liches (Zot:5)
  3 ancient liches (Zot:5)
  Mara (Vaults:2)
  2 orbs of fire
  Xtahua (Vaults:2)
  Boris (twice) (Vaults:2 Vaults:5)
  Bai Suzhen (Crypt:2)
  4 Killer Klowns (Zot:5)
  Margery (Depths:3)
  3 caustic shrikes (Depths:4)
  Saint Roka (Vaults:1)
  Nikola (Shoals:1)
  3 golden dragons
  Jory (Crypt:2)
  An electric golem (Zot:5)
  2 doom hounds (Crypt:2)
  A hellephant (Depths:3)
  A Tzitzimitl (Zot:5)
  7 tentacled monstrosities
  3 liches
  Grunn (Crypt:2)
  A shard shrike skeleton (Crypt:1)
  4 titans (Vaults:5)
  20 Orb Guardians
  A quicksilver dragon (Vaults:5)
  5 deep elf blademasters (Elf:3)
  2 deep elf master archers (Elf:3)
  2 ancient champions
  2 death cobs
  4 sphinxes
  11 shadow dragons
  9 storm dragons
  Agnes (D:14)
  A storm dragon (shapeshifter) (Depths:3)
  4 tengu reavers
  Donald (Shoals:1)
  An azure jelly (shapeshifter) (Depths:3)
  5 revenants
  2 fenstrider witches (shapeshifter) (Depths:3)
  A demonspawn warmonger (D:5)
  9 fire giants
  A draconian monk (Zot:5)
  6 ghost moths
  6 frost giants
  26 vault wardens
  An imperial myrmidon (Desolation)
  10 deep elf sorcerers
  2 draconian scorchers (Zot:4)
  6 emperor scorpions
  4 draconian shifters
  3 draconian knights
  5 orc warlords
  2 balrugs
  6 deep elf elementalists (Elf:3)
  A spriggan defender (Depths:2)
  21 ironbound preservers
  A reaper (D:5)
  3 formless jellyfish
  2 ghouls (Crypt:3)
  A curse skull (Crypt:1)
  3 broodmothers (Spider:4)
  4 draconian annihilators
  2 draconian stormcallers (Zot:5)
  15 very ugly things
  2 formless jellyfish (shapeshifter) (Depths:3)
  7 green draconians
  A juggernaut skeleton (Crypt:3)
  8 vampire knights
  4 deep elf demonologists
  A dire elephant (shapeshifter) (Depths:3)
  The ghost of Lurir the Spry, a journeyman KoHu of Okawaru (Elf:1)
  8 ironbound thunderhulks
  5 black draconians
  17 stone giants
  9 deep elf death magi
  12 dire elephants
  14 deep elf annihilators
  A lorocyproca (Depths:2)
  4 red draconians
  5 purple draconians
  7 war gargoyles
  5 white draconians
  A minotaur (Gauntlet)
  2 spectral titans (Crypt:3)
  5 spark wasps
  2 yellow draconians (Zot:4)
  A halazid warlock (Desolation)
  7 eidola (Crypt:3)
  Snorg (D:14)
  2 crystal guardians
  An acid blob zombie (Crypt:3)
  9 fire dragons
  7 ettins
  19 ragged hierophants (Desolation)
  4 merfolk javelineers
  11 merfolk impalers
  4 spectral quicksilver dragons (Crypt:3)
  12 yaktaur captains
  5 spectral spriggans (Crypt:3)
  9 deep elf high priests
  5 entropy weavers
  9 servants of whispers
  The ghost of Krumphau the Cleaver, a journeyman MDFi of Okawaru (D:10)
  9 jiangshi
  10 hydras
  3 rakshasas
  Fannar (D:12)
  5 ice dragons
  The ghost of Livid the Severer, a journeyman CoGl of Ru (D:12)
  2 ironbound frosthearts
  2 jorogumos
  7 peacekeepers
  35 vault guards
  3 ogre magi
  A caustic shrike simulacrum (Depths:1)
  2 merfolk avatars
  8 great orbs of eyes
  2 juggernaut simulacra (Crypt:3)
  6 spriggan air magi
  2 demonspawn (Orc:2)
  3 spectral stone giants (Crypt:3)
  11 centaur warriors
  A ghost crab (Gauntlet)
  5 two-headed ogres
  The ghost of Triskal the Mimic, a novice TrSh of Qazlal (D:9)
  48 dancing weapons
  3 death knights (Crypt:1)
  3 radroaches
  8 boulder beetles
  5 merfolk aquamancers
  2 alligator snapping turtles
  A two-headed ogre (shapeshifter) (Depths:3)
  7 orc high priests
  12 satyrs
  5 deep troll shamans
  7 deep troll earth magi
  A titan zombie (Vaults:2)
  5 demonic crawlers
  2 hell hogs (Lair:5)
  4 tengu warriors
  A spriggan berserker (Depths:4)
  4 vampire magi
  3 soul eaters
  15 death yaks
  2 spectral storm dragons (Crypt:3)
  19 hell knights
  2 spectral nagas (Crypt:3)
  A sun demon (Depths:1)
  A storm dragon zombie (Depths:1)
  17 deep elf knights
  4 shadow wraiths (Crypt:3)
  2 skysharks
  A spectral bunyip (Crypt:3)
  Amaemon (Lair:3)
  2 fire crabs
  27 skeletal warriors
  13 sea snakes
  A large abomination (D:15)
  4 iron trolls
  5 arcanists
  10 pharaoh ants
  A ghost moth zombie (Crypt:1)
  An orb spider (shapeshifter) (Vaults:5)
  16 orb spiders
  3 glowing orange brains (Depths:3)
  56 deep trolls
  3 sea snakes (shapeshifter)
  5 flayed ghosts
  2 bog bodies (Crypt:3)
  7 deep elf archers
  2 spriggan simulacra (Crypt:3)
  A swamp dragon (shapeshifter) (Vaults:1)
  24 phantasmal warriors
  24 orc knights
  A glowing orange brain (shapeshifter) (Vaults:5)
  A sun moth (shapeshifter) (Depths:3)
  7 necromancers
  2 steelbarb worms (shapeshifter)
  7 lindwurms
  2 lindwurms (shapeshifter) (Vaults:5)
  A spectral wolf spider (D:12)
  A naga ritualist (D:13)
  7 steelbarb worms
  4 obsidian statues (Depths:3)
  31 deep elf pyromancers
  A spectral hydra (Crypt:3)
  The ghost of jestert79 the Cleaver, a novice MDRe of Yredelemnul (D:6)
  A shock serpent (shapeshifter) (Depths:3)
  8 harpies
  A golden dragon skeleton (Crypt:1)
  A harpy (shapeshifter) (Elf:1)
  24 ironbound convokers
  A tengu zombie (Vaults:3)
  2 fauns (shapeshifter)
  20 wolf spiders
  7 orc sorcerers
  A fire giant zombie (Vaults:2)
  2 frost giant zombies
  22 moths of wrath
  23 deep elf zephyrmancers
  60 ugly things
  4 cyclopes
  A stone giant zombie (Depths:1)
  A cyclops (shapeshifter) (Elf:2)
  13 manticores
  15 fauns
  A meliai (shapeshifter) (D:13)
  2 elephants (shapeshifter)
  An alligator skeleton (Crypt:3)
  A fire giant skeleton (Crypt:1)
  6 water nymphs
  A spectral centaur (D:12)
  2 stone giant skeletons
  7 guardian serpents (Desolation)
  6 elephants (Lair:4)
  A human skeleton (Vaults:2)
  7 merfolk sirens
  A titan simulacrum (Crypt:3)
  22 vault sentinels
  10 black mambas
  A rust devil (Depths:2)
  An orange demon (Lair:3)
  15 meliai
  7 molten gargoyles
  A smoke demon (Depths:1)
  3 gargoyles
  A torpor snail (shapeshifter) (Depths:3)
  7 cane toads
  3 yaktaur zombies
  3 unseen horrors
  14 komodo dragons
  4 torpor snails
  A kobold demonologist (D:10)
  2 rime drakes
  Psyche (D:9)
  28 yaktaurs
  An efreet (D:14)
  A sea snake zombie (Crypt:2)
  A black draconian skeleton (Crypt:1)
  18 freezing wraiths
  An anaconda simulacrum (Crypt:3)
  A red devil (D:15)
  An ice devil (Depths:2)
  2 spectral harpies (Crypt:3)
  A queen bee (Spider:3)
  A grey draconian skeleton (Crypt:1)
  A hellwing (Orc:2)
  A purple draconian skeleton (Crypt:1)
  13 wind drakes
  2 polar bears
  A queen bee (shapeshifter) (Elf:1)
  7 trolls
  20 merfolk
  2 tengu conjurers
  5 hornets
  27 tarantellas
  A tyrant leech (Gauntlet)
  13 dream sheep
  A moth of wrath zombie (Crypt:2)
  10 raiju (Depths:3)
  84 saltlings
  17 blink frogs
  A wolf spider simulacrum (D:12)
  A raiju (shapeshifter) (Elf:3)
  A glass eye (shapeshifter) (Depths:3)
  4 snapping turtles
  An ettin skeleton (Crypt:2)
  A jumping spider zombie (Crypt:3)
  A deep troll zombie (Vaults:3)
  A black mamba zombie (Crypt:3)
  30 jumping spiders
  21 culicivoras
  9 air elementals
  10 fire elementals
  22 slime creatures
  4 wyverns
  9 wraiths
  19 water elementals
  A shadow (Crypt:3)
  2 fire dragon skeletons
  4 vampires
  5 basilisks
  7 fire bats (Volcano)
  A neqoxec (Depths:1)
  24 yaks
  2 steam dragons
  A human (D:9)
  A human (shapeshifter) (D:15)
  A yaktaur simulacrum (Vaults:2)
  58 redbacks
  A demonspawn zombie (Crypt:2)
  12 vampire mosquitoes (D:12)
  4 chaos spawn
  A warg (shapeshifter) (D:14)
  2 acid dragons
  A glowing shapeshifter zombie (Depths:1)
  A naga (D:13)
  3 swamp worms (Gauntlet)
  An acid dragon (shapeshifter) (D:14)
  7 hell hounds
  A fire bat skeleton (Crypt:3)
  20 water moccasins
  Pargi (Sewer)
  A sky beast (D:8)
  40 orc warriors
  A black bear (Lair:3)
  2 ice beasts
  5 ogres
  18 wolves
  An elephant zombie (Crypt:1)
  An elf simulacrum (Vaults:3)
  A boggart (D:15)
  11 centaurs
  4 kobold brigands
  3 phantoms
  Blork the orc (D:4)
  2 brain worms (Sewer)
  A draconian skeleton (Crypt:2)
  6 bullfrogs
  8 earth elementals
  A gnoll sergeant (D:12)
  A hornet simulacrum (D:12)
  A troll zombie (Crypt:3)
  28 killer bees
  An electric eel (Lair:1)
  7 howler monkeys
  A spriggan skeleton (Crypt:1)
  A jelly (D:5)
  11 lava snakes
  2 bombardier beetles
  34 orc priests
  A spectral boggart (D:12)
  A gnoll bouda (Lair:3)
  An iguana (D:5)
  Natasha (thrice) (D:2)
  A basilisk skeleton (Crypt:2)
  A sleepcap (D:7)
  25 orc wizards
  A deep dwarf zombie (Crypt:2)
  An acid dragon skeleton (Crypt:3)
  14 gnolls
  14 adders
  A shadow imp (D:8)
  A white imp (D:5)
  2 ufetubi (D:5)
  3 dart slugs
  5 ribbon worms
  80 orcs
  10 ball pythons
  7 bats
  8 endoplasms
  4 giant cockroaches
  8 goblins
  9 hobgoblins
  6 quokkas
  8 frilled lizards
  A hobgoblin zombie (Crypt:2)
  11 kobolds
  6 rats
  8 ball lightnings (Depths:3)
2400 creatures vanquished.

Vanquished Creatures (collateral kills)
  An orc priest (Elf:1)
1 creature vanquished.

Vanquished Creatures (others)
  A tentacled monstrosity (Vaults:5)
  A very ugly thing (Vaults:5)
  A raiju (Depths:3)
  3 water elementals
  An orc priest (D:9)
  A ball lightning (Depths:3)
8 creatures vanquished.

Grand Total: 2409 creatures vanquished

Notes
Turn   | Place    | Note
-------+----------+-------------------------------------------
     0 | D:1      | elliptic the Coglin Alchemist began the quest for the Orb.
     0 | D:1      | Reached XP level 1. HP: 13/13 MP: 3/3
    16 | D:1      | Reached skill level 1 in Conjurations
   250 | D:1      | Reached XP level 2. HP: 19/19 MP: 1/5
   296 | D:1      | Learned a level 2 spell: Mercury Vapours
   633 | D:1      | Reached skill level 1 in Fighting
   633 | D:1      | Reached XP level 3. HP: 26/26 MP: 4/6
  1159 | D:2      | Reached skill level 1 in Ranged Weapons
  1259 | D:2      | Reached XP level 4. HP: 33/33 MP: 7/7
  1301 | D:2      | Noticed Natasha
  1307 | D:2      | Killed Natasha
  1508 | D:2      | Noticed Natasha
  1517 | D:2      | Killed Natasha
  1518 | D:2      | Reached XP level 5. HP: 36/40 MP: 8/8
  1522 | D:2      | Reached skill level 3 in Fighting
  1637 | D:2      | Noticed Natasha
  1998 | D:3      | Found an ancient bone altar of Kikubaaqudgha.
  2001 | D:3      | Found a bloodstained altar of Trog.
  2160 | D:3      | Found a white marble altar of Elyvilon.
  2169 | D:3      | Became a worshipper of Elyvilon the Healer
  2212 | D:3      | Reached skill level 3 in Ranged Weapons
  2280 | D:3      | Found Necieg's Weapon Emporium.
  2335 | D:3      | Reached XP level 6. HP: 47/47 MP: 9/9
  3172 | D:4      | Reached * piety under Elyvilon
  3256 | D:3      | Bought a +2 heavy sling for 205 gold pieces
  3603 | D:4      | Found a blossoming altar of Fedhas.
  3605 | D:4      | Noticed Blork the orc
  3610 | D:5      | Entered Level 5 of the Dungeon
  3699 | D:5      | Reached XP level 7. HP: 42/52 MP: 10/10
  3737 | D:5      | Reached ** piety under Elyvilon
  3853 | D:5      | Found a staircase to the Ecumenical Temple.
  3862 | Temple   | Entered the Ecumenical Temple
  3958 | D:4      | Killed Blork the orc
  3959 | D:4      | Reached skill level 6 in Ranged Weapons
  4500 | D:5      | Found Caofuoff's Antique Armour Boutique.
  4761 | D:5      | Reached XP level 8. HP: 24/60 MP: 11/11
  5209 | D:6      | Found an iron altar of Okawaru.
  5229 | D:6      | Reached *** piety under Elyvilon
  5277 | D:6      | Found a glowing drain.
  5279 | D:6      | Identified the +5 arbalest "Aboz" {flame, Str+3 Int+6}
  5306 | Sewer    | Entered a sewer
  5341 | Sewer    | Noticed Pargi
  5346 | Sewer    | Killed Pargi
  5476 | D:6      | Acquired 857 gold pieces
  5540 | D:5      | Bought a bloodstained leather armour for 182 gold pieces
  5540 | D:5      | Identified the +0 leather armour of Insecurity {Rampage
                  | *Corrode Regen+ Dex+3} (You bought it in a shop on level 5
                  | of the Dungeon)
  5540 | D:5      | Bought a glowing ring mail for 182 gold pieces
  5711 | D:6      | Found an opulent altar of Gozag.
  5711 | D:6      | Found an ornate altar of the Wu Jian Council.
  5711 | D:6      | Found a snail-covered altar of Cheibriados.
  5725 | D:6      | Fell from the grace of Elyvilon
  5725 | D:6      | Became a worshipper of Warmaster Okawaru
  5849 | D:6      | Noticed jestert79's ghost (novice MDRe)
  5850 | D:6      | Found a runed translucent door.
  6206 | D:6      | Found a burning altar of Makhleb.
  6284 | D:7      | Reached XP level 9. HP: 68/68 MP: 12/12
  6310 | D:7      | Reached * piety under Okawaru
  6377 | D:7      | Found a hide-covered altar of Uskayaw.
  6401 | D:7      | Noticed a hornet
  6406 | D:7      | Killed a hornet
  6419 | D:7      | Noticed a two-headed ogre
  6425 | D:7      | Killed a two-headed ogre
  6425 | D:7      | Reached ** piety under Okawaru
  6426 | D:7      | Reached skill level 9 in Ranged Weapons
  6968 | D:7      | Reached skill level 6 in Fighting
  7101 | D:8      | Reached skill level 3 in Dodging
  7498 | D:8      | Noticed a hornet
  7503 | D:8      | Paralysed by a hornet for 1 turns
  7505 | D:8      | Paralysed by a hornet for 2 turns
  7509 | D:8      | hm
  7509 | D:8      | HP: 14/70 [hornet (7)]
  7511 | D:8      | Killed a hornet
  7512 | D:8      | Reached XP level 10. HP: 25/77 MP: 13/13
  7765 | D:8      | Reached *** piety under Okawaru
  7900 | D:9      | Found a glowing silver altar of Zin.
  7971 | D:9      | Found a radiant altar of Vehumet.
  7994 | D:9      | Found a stormy altar of Qazlal.
  8068 | D:9      | Noticed Psyche
  8072 | D:9      | Killed Psyche
  8075 | D:9      | Found a staircase to the Orcish Mines.
  8397 | D:9      | Found a runed translucent gate.
  8397 | D:9      | Found a runed translucent gate.
  8397 | D:9      | Found a runed translucent gate.
  8398 | D:9      | Noticed a nine-headed hydra
  8398 | D:9      | Noticed Triskal's ghost (novice TrSh)
  8399 | D:9      | Noticed a nine-headed hydra
  8439 | D:9      | Noticed a two-headed ogre
  8679 | D:9      | Found a staircase to the Lair.
  8799 | D:9      | Killed a two-headed ogre
  8892 | D:9      | Reached **** piety under Okawaru
  9390 | D:10     | Entered Level 10 of the Dungeon
  9452 | D:10     | Noticed a two-headed ogre
  9457 | D:10     | Killed a two-headed ogre
  9458 | D:10     | Reached skill level 12 in Ranged Weapons
  9458 | D:10     | Reached XP level 11. HP: 79/86 MP: 11/14
  9504 | D:10     | Found a runed translucent gate.
  9504 | D:10     | Noticed Krumphau's ghost (journeyman MDFi)
  9505 | D:10     | Found a runed translucent gate.
  9506 | D:10     | Found a runed translucent gate.
  9506 | D:10     | Identified the +1 chain mail "Ugymip" {Int+3 Dex+3}
  9673 | D:10     | Found a sacrificial altar of Ru.
 10035 | D:10     | Identified the +0 scale mail of Ythrenlas {rC+ Will+
                  | Regen+}
 10037 | D:10     | Found a roughly hewn altar of Beogh.
 10291 | D:11     | close
 10768 | Lair:1   | Entered Level 1 of the Lair of Beasts
 10832 | Lair:1   | Reached skill level 9 in Fighting
 10837 | Lair:1   | Reached ***** piety under Okawaru
 10960 | Lair:1   | Reached skill level 1 in Armour
 11260 | Lair:1   | Reached skill level 3 in Armour
 11716 | Lair:2   | Reached skill level 6 in Dodging
 11746 | Lair:2   | Noticed a seven-headed hydra
 11753 | Lair:2   | Killed a seven-headed hydra
 11753 | Lair:2   | Received a gift from Okawaru
 11754 | Lair:2   | Reached XP level 12. HP: 95/95 MP: 13/15
 12014 | Lair:2   | Reached skill level 6 in Armour
 12021 | Lair:2   | Found a hole to the Spider Nest.
 12056 | Lair:2   | Noticed a boulder beetle
 12066 | Lair:2   | Killed a boulder beetle
 12226 | Lair:2   | Reached skill level 3 in Invocations
 12388 | Lair:2   | Noticed a death yak
 12406 | Lair:2   | Killed a death yak
 12465 | Lair:2   | Noticed a death yak
 12465 | Lair:2   | Noticed a death yak
 12466 | Lair:2   | Noticed a death yak
 12496 | Lair:2   | Killed a death yak
 12498 | Lair:2   | Killed a death yak
 12508 | Lair:2   | Killed a death yak
 13101 | Lair:3   | Noticed a skyshark
 13110 | Lair:3   | Killed a skyshark
 13110 | Lair:3   | Received a gift from Okawaru
 13403 | Lair:3   | Found a staircase to the Shoals.
 13752 | Lair:3   | Reached XP level 13. HP: 103/103 MP: 16/16
 13811 | Lair:3   | Noticed Amaemon
 13815 | Lair:3   | Killed Amaemon
 13815 | Lair:3   | Reached ****** piety under Okawaru
 13820 | Lair:3   | Acquired a +2 heavy hand cannon
 13820 | Lair:3   | Received a gift from Okawaru
 13822 | Lair:3   | Acquired the +2 cloak of New Discoveries {rPois rCorr
                  | Slay+2}
 13822 | Lair:3   | Received a gift from Okawaru
 13946 | Lair:3   | Received a gift from Okawaru
 14070 | Lair:3   | Found the +8 whip "Snakebite" {venom, curare, rPois}
 14443 | Lair:4   | Found a runed translucent door.
 14483 | Lair:4   | Reached skill level 9 in Dodging
 14566 | Lair:4   | Identified the +5 scale mail "Hepnaunee" {rC+ Int+3}
 14571 | Lair:4   | Identified the +3 leather armour of Saaj {Dex+6}
 14716 | Lair:4   | Found a dark tunnel.
 14721 | Volcano  | Entered a volcano
 14769 | Volcano  | Received a gift from Okawaru
 14823 | Volcano  | Found a radiant altar of Vehumet.
 14827 | Volcano  | Reached skill level 6 in Invocations
 14837 | Volcano  | Noticed a fire dragon
 15041 | Volcano  | Killed a fire dragon
 15105 | Volcano  | Identified the +1 helmet of Refuge {Str+3}
 15449 | Lair:4   | Found a viscous altar of Jiyva.
 15449 | Lair:4   | Found a staircase to the Slime Pits.
 15939 | Lair:5   | Entered Level 5 of the Lair of Beasts
 15940 | Lair:5   | Received a gift from Okawaru
 15943 | Lair:5   | Reached XP level 14. HP: 110/110 MP: 20/20
 16010 | Lair:5   | hm
 16035 | Lair:5   | Reached skill level 15 in Ranged Weapons
 16253 | Lair:4   | hm
 16254 | Lair:4   | why
 16348 | Lair:4   | Received a gift from Okawaru
 17336 | Lair:5   | Found a blossoming altar of Fedhas.
 17346 | Lair:5   | Identified the +4 quarterstaff of the Sneaky Shrikes
                  | {venom, rCorr}
 17571 | Lair:5   | Received a gift from Okawaru
 17599 | Lair:5   | Found a large runed translucent door.
 17599 | Lair:5   | Found a large runed translucent door.
 17982 | D:9      | Killed Triskal's ghost
 17989 | D:9      | Identified the +1 war axe of Internal Strife {protect,
                  | Int+3}
 18234 | D:6      | Killed jestert79's ghost
 18414 | D:2      | Killed Natasha
 18631 | D:10     | Killed Krumphau's ghost
 18770 | D:12     | Found a transporter.
 18772 | D:12     | Noticed a vampire knight
 18883 | D:12     | Found a gate leading to a gauntlet.
 18892 | Gauntlet | Entered a Gauntlet
 18892 | Gauntlet | Found a transporter.
 18892 | Gauntlet | Found a transporter.
 18894 | Gauntlet | Found a transporter.
 18896 | Gauntlet | Found a transporter.
 18896 | Gauntlet | Found a transporter.
 18896 | Gauntlet | Found a transporter.
 18906 | Gauntlet | Noticed a quicksilver ooze
 18908 | Gauntlet | Found a transporter.
 18912 | Gauntlet | Found a transporter.
 18922 | Gauntlet | Noticed a dire elephant
 18925 | Gauntlet | Found a transporter.
 18950 | Gauntlet | Found a transporter.
 18967 | Gauntlet | Found a transporter.
 18971 | Gauntlet | Found a transporter.
 19028 | Gauntlet | Received a gift from Okawaru
 19090 | Gauntlet | Identified the +1 helmet of the Tick {SInv}
 19123 | Gauntlet | Reached XP level 15. HP: 118/118 MP: 21/21
 19131 | Gauntlet | Identified the +0 hat of Dull Intercession {rCorr Dex+4
                  | SInv}
 19165 | Gauntlet | Identified the +7 orcbow of Valour {heavy, ^Fragile rElec
                  | rPois rC++ Dex-4}
 19165 | Gauntlet | Identified the +2 fire dragon scales of Daffodils {Rampage
                  | rF++ rC- Str+7 Int-5}
 19204 | D:12     | Noticed Livid's ghost (journeyman CoGl)
 19314 | D:12     | Noticed Fannar
 19317 | D:12     | Killed Fannar
 19506 | D:12     | Found an opulent altar of Gozag.
 19605 | D:12     | Found a transporter.
 19815 | Orc:1    | Entered Level 1 of the Orcish Mines
 19815 | Orc:1    | Found Tyneg's Book Emporium.
 20176 | Orc:1    | Found Syjausof's Jewellery Emporium.
 20178 | Orc:2    | Entered Level 2 of the Orcish Mines
 20178 | Orc:2    | Found a staircase to the Elven Halls.
 20335 | Orc:1    | Found Kystryf's Antique Weapon Boutique.
 20475 | Orc:2    | Found Aepn's Alliterative Armaments.
 20973 | Orc:2    | Found Liriruthryora's General Store.
 20979 | Orc:2    | Found Beloilab's General Store.
 21005 | Orc:2    | Bought a scroll of teleportation for 45 gold pieces
 21005 | Orc:2    | Bought a potion of haste for 150 gold pieces
 21005 | Orc:2    | Gained mutation: You are frail. (-10% HP) [potion of
                  | mutation]
 21005 | Orc:2    | Gained mutation: You are agile. (Dex +4, Str/Int -1)
                  | [potion of mutation]
 21005 | Orc:2    | Gained mutation: Your flesh is cold resistant. (rC+)
                  | [potion of mutation]
 21006 | Orc:2    | Lost mutation: You are frail. (-10% HP) [potion of
                  | mutation]
 21006 | Orc:2    | Lost mutation: You are agile. (Dex +4, Str/Int -1) [potion
                  | of mutation]
 21006 | Orc:2    | Gained mutation: You possess an exceptional clarity of
                  | mind. [potion of mutation]
 21006 | Orc:2    | Gained mutation: Potions are less effective at restoring
                  | your health. [potion of mutation]
 21006 | Orc:2    | Lost mutation: You possess an exceptional clarity of mind.
                  | [potion of mutation]
 21007 | Orc:2    | Bought a potion of mutation for 120 gold pieces
 21007 | Orc:2    | Lost mutation: Your flesh is cold resistant. (rC+) [potion
                  | of mutation]
 21007 | Orc:2    | Lost mutation: Potions are less effective at restoring your
                  | health. [potion of mutation]
 21007 | Orc:2    | Gained mutation: You are clumsy. (Dex -2) [potion of
                  | mutation]
 21007 | Orc:2    | Gained mutation: You are strong-willed. (Will+) [potion of
                  | mutation]
 21008 | Orc:2    | fine
 21098 | Orc:2    | Found Tiwaris's Book Emporium.
 21098 | Orc:2    | Found a one-way gate leading to the halls of Pandemonium.
 21098 | Orc:2    | Found Ofragufi's Antique Armour Shoppe.
 21102 | Orc:2    | Bought a heavily runed helmet for 275 gold pieces
 21102 | Orc:2    | Identified the +1 helmet of the Gardener {^Contam rElec rC+
                  | Int+5} (You bought it in a shop on level 2 of the Orcish
                  | Mines)
 21138 | Orc:2    | Bought a scroll of enchant armour for 105 gold pieces
 21138 | Orc:2    | Bought a scroll of revelation for 105 gold pieces
 21186 | Orc:1    | Bought a +5 ring of evasion for 504 gold pieces
 21392 | D:13     | Received a gift from Okawaru
 21457 | D:13     | Reached skill level 18 in Ranged Weapons
 21499 | D:13     | Found Tiuwobuw's Serpentskin Sales.
 21637 | D:13     | Found the +1 cloak of Starlight {*Dazzle EV+4 Stlth--}
 22197 | D:14     | Noticed Snorg
 22201 | D:14     | Killed Snorg
 22543 | D:14     | Received a gift from Okawaru
 22657 | D:14     | Reached XP level 16. HP: 127/127 MP: 22/22
 22665 | D:14     | Reached skill level 12 in Fighting
 22685 | D:14     | Found a gate to the Vaults.
 22813 | D:14     | Noticed Agnes
 22817 | D:14     | Killed Agnes
 22983 | D:15     | Entered Level 15 of the Dungeon
 23137 | D:15     | Reached skill level 9 in Invocations
 23283 | D:15     | Received a gift from Okawaru
 23413 | D:15     | Found a stormy altar of Qazlal.
 23649 | D:15     | Found a staircase to the Depths.
 24491 | Spider:1 | Entered Level 1 of the Spider Nest
 24492 | Spider:1 | what why how
 24628 | Lair:2   | Received a gift from Okawaru
 25129 | Spider:2 | Reached skill level 12 in Dodging
 25139 | Spider:2 | Received a gift from Okawaru
 25250 | Spider:2 | Identified the +3 scimitar "Ithripiso" {protect, ^Contam
                  | rC++ Dex+3}
 25406 | Spider:3 | hmmm
 25428 | Spider:3 | Reached XP level 17. HP: 137/137 MP: 18/24
 25431 | Spider:3 | Received a gift from Okawaru
 25907 | Spider:3 | Received a gift from Okawaru
 26120 | Spider:4 | Entered Level 4 of the Spider Nest
 26292 | Spider:4 | Received a gift from Okawaru
 26354 | Spider:4 | Reached skill level 15 in Fighting
 26465 | Spider:4 | Reached XP level 18. HP: 149/149 MP: 25/25
 26626 | Spider:4 | Got a milky-white gem with 355 turns to spare
 26630 | Spider:4 | Got a gossamer rune of Zot
 26773 | Spider:4 | Received a gift from Okawaru
 26986 | Shoals:1 | Entered Level 1 of the Shoals
 26990 | Shoals:1 | Noticed Donald
 26995 | Shoals:1 | Killed Donald
 27103 | Shoals:1 | Noticed Nikola
 27112 | Shoals:1 | Killed Nikola
 28267 | Shoals:3 | Received a gift from Okawaru
 28354 | Shoals:3 | Reached skill level 15 in Dodging
 28500 | Shoals:3 | Found Oxzeghi's CLEARANCE SALE!.
 28786 | Shoals:4 | Entered Level 4 of the Shoals
 28837 | Shoals:4 | Received a gift from Okawaru
 29341 | Shoals:4 | Got an azure gem with 0 turns to spare
 29343 | Shoals:4 | Got a barnacled rune of Zot
 29398 | Shoals:4 | Reached XP level 19. HP: 161/161 MP: 26/26
 29466 | Shoals:4 | Reached skill level 9 in Armour
 29492 | Shoals:4 | Identified the +10 plate armour of Dithmenos's Generosity
                  | {rN++ Int-4}
 29518 | Shoals:4 | Received a gift from Okawaru
 29712 | Shoals:4 | Identified the staff of the Zealous God {*Slow Fly Int+3
                  | Conj Alchemy}
 29856 | Shoals:4 | Identified the staff of Melee {rC+ Dex+5 Ice}
 30277 | Elf:1    | Entered Level 1 of the Elven Halls
 30297 | Elf:1    | Found a runed translucent door.
 30307 | Elf:1    | Noticed Lurir's ghost (journeyman KoHu)
 30402 | Elf:1    | Paralysed by an air elemental for 1 turns
 30706 | Elf:1    | Received a gift from Okawaru
 30901 | Elf:1    | Found Heasomeu's Distillery.
 30910 | Elf:1    | Bought a potion of heal wounds for 70 gold pieces
 30910 | Elf:1    | Bought a potion of heal wounds for 70 gold pieces
 30924 | Elf:1    | Reached skill level 18 in Fighting
 31154 | Elf:1    | Killed Lurir's ghost
 31315 | Elf:2    | what
 31387 | Elf:2    | Received a gift from Okawaru
 31589 | Elf:2    | Found a runed translucent gate.
 31590 | Elf:2    | Found a runed translucent gate.
 31590 | Elf:2    | Found a runed translucent gate.
 31887 | Elf:2    | Reached XP level 20. HP: 172/172 MP: 27/27
 31928 | Elf:2    | Received a gift from Okawaru
 32158 | Elf:2    | eh
 32277 | Elf:3    | Entered Level 3 of the Elven Halls
 32542 | Elf:3    | Identified the +2 hand axe of the Valley of Death {pain,
                  | Will+ Dex+3}
 32628 | Elf:3    | Received a gift from Okawaru
 32968 | Elf:3    | Noticed a Tzitzimitl
 33163 | Elf:3    | Reached skill level 18 in Dodging
 33175 | Elf:3    | Received a gift from Okawaru
 33286 | Elf:3    | Found the ring of Shadows {Umbra +Inv Stlth+}
 33395 | Elf:3    | Found the +8 frozen axe "Frostbite" {freeze, freezing
                  | cloud, *Noise Fly rC+}
 33476 | Elf:3    | Identified the +3 hand axe of Drought {heavy, Will++ Int+5
                  | Dex-5}
 33487 | Elf:3    | Identified the +2 plate armour of Dishonesty {+Blink Str+3
                  | Int-3}
 33490 | Elf:3    | Identified the +0 leather armour of Lust {Rampage rElec rF+
                  | Will+}
 33497 | Elf:3    | Identified the ring "Perghy" {+Blink Int+6 Dex+6}
 33502 | Elf:3    | Identified the ring of Lust {rPois Str+4 SInv}
 33518 | Elf:3    | Identified the +0 robe of Farfalle {Will- Regen+ Stlth+
                  | Archmagi}
 33934 | Vaults:1 | Entered Level 1 of the Vaults
 33965 | Vaults:1 | Reached XP level 21. HP: 182/182 MP: 28/28
 33975 | Vaults:1 | Received a gift from Okawaru
 34125 | Vaults:1 | Found Nov Bun's Antique Armour Boutique.
 34133 | Vaults:1 | Bought a pair of heavily runed gloves for 247 gold pieces
 34133 | Vaults:1 | Identified the +5 pair of gloves of Supple Strength
                  | {+Blink} (You bought it in a shop on level 1 of the Vaults)
 34571 | Vaults:1 | Noticed Saint Roka
 34583 | Vaults:1 | Killed Saint Roka
 34583 | Vaults:1 | Received a gift from Okawaru
 35132 | Vaults:2 | Reached skill level 12 in Invocations
 35152 | Vaults:2 | Received a gift from Okawaru
 35209 | Vaults:2 | Found Gouggiyr's Antique Armour Boutique.
 35232 | Vaults:2 | Bought a glimmering ring mail for 270 gold pieces
 35232 | Vaults:2 | Identified the +1 ring mail of the Eternal Fruit {Harm
                  | +Blink rElec MP+9} (You bought it in a shop on level 2 of
                  | the Vaults)
 35297 | Vaults:2 | Noticed Xtahua
 35303 | Vaults:2 | hm
 35386 | Vaults:2 | Killed Xtahua
 35423 | Vaults:2 | Noticed Mara
 35450 | Vaults:2 | Killed Mara
 35471 | Vaults:2 | Identified the +2 robe of the Teacher {Str+2 Archmagi}
 35471 | Vaults:2 | Noticed Boris
 35477 | Vaults:2 | Killed Boris
 35585 | Vaults:2 | Reached XP level 22. HP: 169/192 MP: 31/31
 35807 | Vaults:2 | Received a gift from Okawaru
 36092 | Vaults:3 | Found a crumbling gateway.
 36098 | Vaults:3 | Reached skill level 21 in Fighting
 36104 | Desolati | Entered the Desolation of Salt
 36286 | Desolati | Received a gift from Okawaru
 36307 | Desolati | Found the +18 shield of the Gong {Loud rN+ Will+ rCorr
                  | EV-5}
 36337 | Desolati | Identified the +0 ring mail of Midsummer {Rampage rN++
                  | Int-4 Stlth+}
 36674 | Desolati | Identified the +4 hand axe "Douppoill" {freeze, rElec rCorr
                  | Str+4}
 36713 | Desolati | Got the Textbook on the Marshalled Tundra
 36773 | Desolati | Identified the ring "Voykuaq" {*Slow rN+ Will+++ Str-4
                  | Dex+3}
 36913 | Vaults:3 | Received a gift from Okawaru
 36972 | Vaults:3 | Found a staircase to the Crypt.
 37192 | Vaults:3 | Reached XP level 23. HP: 203/203 MP: 32/32
 37309 | Vaults:3 | Found Hemonlej's Jewellery Boutique.
 37347 | Vaults:3 | Received a gift from Okawaru
 38152 | Vaults:4 | Found Fob Yvir's Magic Scroll Shoppe.
 38160 | Vaults:4 | Bought a scroll of enchant weapon for 142 gold pieces
 38160 | Vaults:4 | Bought a scroll of blinking for 142 gold pieces
 38160 | Vaults:4 | Bought a scroll of fear for 76 gold pieces
 38451 | Vaults:4 | Reached skill level 21 in Dodging
 38778 | Vaults:4 | Received a gift from Okawaru
 39029 | Crypt:1  | Entered Level 1 of the Crypt
 39122 | Crypt:1  | Identified the +4 war axe of Boer {freeze, rN+ Will+ MP+9}
 39449 | Crypt:1  | Received a gift from Okawaru
 39820 | Crypt:2  | Noticed Bai Suzhen
 39825 | Crypt:2  | Killed Bai Suzhen
 40070 | Crypt:2  | Noticed Jory
 40079 | Crypt:2  | Killed Jory
 40344 | Crypt:2  | Noticed Grunn
 40355 | Crypt:2  | Killed Grunn
 40359 | Crypt:2  | Reached XP level 24. HP: 215/215 MP: 28/32
 40459 | Crypt:3  | Entered Level 3 of the Crypt
 40533 | Crypt:3  | Identified the +1 halberd of Responsibility {freeze,
                  | ^Fragile Str+2 Int+2 Dex+4}
 40564 | Crypt:3  | Received a gift from Okawaru
 40713 | Crypt:3  | Reached skill level 24 in Fighting
 40984 | Crypt:3  | Received a gift from Okawaru
 41135 | Crypt:3  | Found a staircase to the Tomb.
 41657 | Crypt:3  | Got Falife's Discourse on the Scintillating Mantle
 41663 | Crypt:3  | Identified the staff of Hepliaklqana's Delight {Fly rElec
                  | rF+ Str-2 Dex+3 Air}
 41996 | Depths:1 | Entered Level 1 of the Depths
 42047 | Depths:1 | Received a gift from Okawaru
 42053 | Depths:1 | Found a hide-covered altar of Uskayaw.
 42220 | Depths:1 | Identified the +1 helmet of Polish {Dex+3}
 42267 | Depths:1 | Found Cywuis's Jewellery Boutique.
 42267 | Depths:1 | Found Lihepunn's Book Emporium.
 42269 | Depths:1 | Found Feifexzeall's Book Emporium.
 42365 | Depths:1 | Found a gateway to Hell.
 42812 | Depths:2 | Received a gift from Okawaru
 42896 | Depths:2 | Identified the +6 shortbow of Fate {speed, rElec rPois rN+
                  | Dex+3}
 42943 | Depths:2 | Found Wips's Distillery.
 42948 | Depths:2 | Bought 2 potions of heal wounds for 220 gold pieces
 42948 | Depths:2 | Bought a potion of enlightenment for 110 gold pieces
 42948 | Depths:2 | Bought a potion of enlightenment for 110 gold pieces
 43353 | Depths:2 | Reached XP level 25. HP: 230/230 MP: 32/32
 43842 | Depths:3 | Received a gift from Okawaru
 43848 | Depths:3 | Identified the +0 scale mail "Efia" {^Contam Str+2 Int+3}
 43855 | Depths:3 | Identified the ring of Feoffydu {Will++ Str-2 Int+2 Dex+2
                  | SInv}
 43960 | Depths:3 | Identified the +7 spear of Zitiz {elec, Str+5 Int+4 Dex-5}
 44027 | Depths:3 | Found a one-way gateway to a ziggurat.
 44053 | Depths:3 | Found a one-way gate to the infinite horrors of the Abyss.
 44053 | Depths:3 | Noticed Margery
 44068 | Depths:3 | Killed Margery
 44078 | Depths:3 | Reached skill level 27 in Fighting
 44174 | Depths:3 | Received a gift from Okawaru
 44227 | Depths:3 | Found the +8 lance "Wyrmbane" {slay drac, rPois rF+ rC+
                  | AC+3}
 44277 | Depths:3 | Identified the amulet of Bawaitz {Reflect rN+ Int+3 SH+5}
 44282 | Depths:3 | Identified the +1 falchion "Cevaak" {flame, rN++}
 44337 | Depths:3 | Identified the +0 scale mail of Rasoh {Int+2}
 44829 | Depths:4 | Entered Level 4 of the Depths
 44855 | Depths:4 | Upgraded the game from 0.32-a0-391-gce5c0aab1b to
                  | 0.32-a0-411-g744942f433
 45161 | Depths:4 | Found a gate to the Realm of Zot.
 45205 | Depths:4 | Received a gift from Okawaru
 45543 | Depths:4 | Received a gift from Okawaru
 45544 | Depths:4 | Identified the ring "Gop Gogif" {rN+ EV+5 Dex+4}
 46087 | D:12     | Killed Livid's ghost
 46247 | Vaults:5 | Entered Level 5 of the Vaults
 46310 | Vaults:5 | Reached XP level 26. HP: 220/242 MP: 27/32
 46358 | Vaults:5 | Reached skill level 24 in Dodging
 46418 | Vaults:5 | Identified the staff of Xom {rElec rN+ Int+5 Conj Air}
 46435 | Vaults:5 | Identified the +4 arbalest of Taxation {freeze, rC+ Str-3
                  | Dex+3}
 46447 | Vaults:5 | Received a gift from Okawaru
 46525 | Vaults:5 | Identified the amulet of Noff {Acrobat ^Fragile rN+++ Int-5
                  | SInv}
 46563 | Vaults:5 | Identified the +4 robe "Pifuxua" {rPois rN+}
 46563 | Vaults:5 | Noticed Boris
 46566 | Vaults:5 | Killed Boris
 46688 | Vaults:5 | Received a gift from Okawaru
 46730 | Vaults:5 | Identified the +2 demon whip "Firchuex" {vamp, rN+}
 46846 | Vaults:5 | Identified the +3 ring mail "Joips" {rN+}
 46849 | Vaults:5 | Identified the +8 war axe "Trog's Hatred" {protect, rC+}
 47022 | Vaults:5 | Identified the +1 robe of Tenacity {+Blink rElec}
 47037 | Vaults:5 | Identified the +1 long sword of Duty {protect, *Slow rPois
                  | rN++ Int+2}
 47066 | Vaults:5 | Identified the +1 ring mail of the Chupacabra {rPois}
 47095 | Vaults:5 | Found Xuothuc's Antique Armour Boutique.
 47103 | Vaults:5 | Bought a pair of runed boots for 165 gold pieces
 47278 | Vaults:5 | Got a silver rune of Zot
 47629 | Vaults:4 | Bought a scroll of fog for 76 gold pieces
 47629 | Vaults:4 | Bought a scroll of enchant armour for 142 gold pieces
 47894 | Orc:2    | Bought a potion of ambrosia for 112 gold pieces
 47967 | Elf:1    | Bought a potion of curing for 42 gold pieces
 47967 | Elf:1    | Bought a potion of invisibility for 112 gold pieces
 47967 | Elf:1    | Bought a potion of invisibility for 112 gold pieces
 47967 | Elf:1    | Bought a potion of ambrosia for 112 gold pieces
 47967 | Elf:1    | Bought a potion of curing for 42 gold pieces
 47967 | Elf:1    | Bought a potion of invisibility for 112 gold pieces
 47967 | Elf:1    | Bought a potion of brilliance for 56 gold pieces
 48236 | Depths:2 | Bought a potion of invisibility for 176 gold pieces
 48236 | Depths:2 | Bought a potion of magic for 176 gold pieces
 48288 | Zot:1    | Entered Level 1 of the Realm of Zot
 48495 | Zot:2    | Noticed an orb of fire
 48504 | Zot:2    | Killed an orb of fire
 48902 | Zot:4    | Reached XP level 27. HP: 237/239 MP: 32/32
 48928 | Zot:4    | Received a gift from Okawaru
 48969 | Zot:5    | Entered Level 5 of the Realm of Zot
 49164 | Zot:5    | Noticed a dread lich
 49170 | Zot:5    | Killed a dread lich
 49249 | Zot:5    | Reached skill level 27 in Dodging
 49617 | Zot:5    | Received a gift from Okawaru
 49624 | Zot:5    | Noticed an orb of fire
 49635 | Zot:5    | Noticed an ancient lich
 49645 | Zot:5    | Killed an ancient lich
 49646 | Zot:5    | Killed an orb of fire
 49665 | Zot:5    | Noticed a dread lich
 49667 | Zot:5    | Killed a dread lich
 49669 | Zot:5    | Noticed an ancient lich
 49671 | Zot:5    | Killed an ancient lich
 49672 | Zot:5    | Noticed an electric golem
 49675 | Zot:5    | Killed an electric golem
 49675 | Zot:5    | Noticed a dread lich
 49680 | Zot:5    | Killed a dread lich
 49681 | Zot:5    | Noticed an ancient lich
 49684 | Zot:5    | Killed an ancient lich
 49688 | Zot:5    | Received a gift from Okawaru
 49709 | Zot:5    | Noticed a dread lich
 49711 | Zot:5    | Killed a dread lich
 49739 | Zot:5    | Got the Orb of Zot
 49754 | Zot:5    | Reached skill level 15 in Invocations
 49823 | Zot:2    | what
 50426 | D:$      | Escaped with the Orb!

Levels and vault maps discovered:
D:1:      grunt_arrival_lava_bath, layout_rooms, nicolae_hexahallways
D:2:      layout_rooms, hex_intersection, uniq_natasha
D:3:      layout_basic, elyvilon_altar_3, jmf_multi_god_temple2, serial_shops,
          nicolae_shop_tiny_real_fake_doors, nicolae_houndstooth_variations
D:4:      layout_basic, fedhas_altar_1, hangedman_decor_slide_cut,
          grunt_decor_clamped, minmay_distorted, uniq_blork_the_orc
D:5:      layout_basic, minmay_temple_entry_drinking_statues, serial_shops,
          shop_fountains
D:6:      layout_basic, nicolae_overflow_hidden_temple, bloody_makhleb,
          gammafunk_ghost_grave, cheibrodos_sewer_entry_drain, minivault_22
D:7:      layout_loops_ring, general_overflow_altar
D:8:      layout_basic
D:9:      layout_gridville, amcnicky_altar_gilded, vehumet_crystals,
          overflow_temple_1_default, david_lair_shrubbed, erik_orc_4,
          gammafunk_ghost_hydra_chop, hangedman_ranch, uniq_psyche
D:10:     layout_loops_ring, kennysheep_little_box, biasface_ghost_orc_armoury
D:11:     layout_big_octagon
D:12:     layout_grid_maze, gauntlet_entry_generic, gammafunk_ghost_mausoleum,
          nicolae_gozag_cash_rules_everything_around_me, uniq_fannar
D:13:     layout_loops_ring, guppyfry_shop_venom
D:14:     layout_stronghold, david_vaults_4, minivault_25, uniq_snorg,
          uniq_agnes
D:15:     hellmonk_depths_entry_around_the_bend, layout_basic,
          nicolae_qazlal_scattered_showers
Temple:   hellmonk_temple_of_storms
Lair:1:   layout_chaotic_city, grunt_megastairs_2, serial_bayou_shore_a
Lair:2:   layout_roguey, spider_nest_entry_rubble, infiniplex_staircase_pool
Lair:3:   minmay_guarded_unrand_snakebite, layout_gridlike,
          minmay_shoals_entry_centaurs, dreamdust_gnoll_shepherd, uniq_amaemon
Lair:4:   layout_cave_pods, dpeg_slime_entry_corner,
          nicolae_volcano_entry_s_turn, grunt_megastairs_5, lemuel_fruit_fields
Lair:5:   cheibrodos_lair_end_hotspot, layout_cave_pods, basic_altar,
          grunt_forest_small_clearings
Shoals:1: layout_shoals, uniq_donald, uniq_nikola
Shoals:2: layout_shoals, nicolae_shoals_songs
Shoals:3: layout_shoals, nicolae_shop_clearance
Shoals:4: shoals_end_grunt_garden, layout_shoals
Spider:1: layout_spider_delve
Spider:2: layout_spider_delve
Spider:3: layout_spider_delve, special_room [special_room_bee]
Spider:4: guppyfry_spider_rune, nicolae_spider_shape
Orc:1:    layout_caves, serial_shops, shop, shop, nicolae_shop_behind_doors,
          nicolae_orc_tapped_out
Orc:2:    pf_orc_diabolical, layout_caves, regret_index_minedec_guest_junction,
          nicolae_orc_rockfall, monkooky_shop_alliterative
Elf:1:    eino_elf_arrival_sip, layout_loops_corners, hellmonk_ghost_big_iron,
          special_room [special_room_orc], serial_shops, shop,
          minmay_elf_crystal_hexagon, st_stairs_10
Elf:2:    nicolae_elf_blades_crystal_corner, layout_loops_ring,
          serial_sigils_hangedman_snap
Elf:3:    minmay_elf_hall_four_x, layout_gridlike, st_stairs_8,
          minmay_misc_feat_rows, guppyfry_elf_castle
Vaults:1: nicolae_vaults_little_guard_posts, grunt_vaults_focal,
          nicolae_vaults_what_the_h, dpeg_vaults_monster_row, v_misc_27,
          v_misc_12, nicolae_vaults_circle_grid_a,
          nicolae_vaults_little_squares_4, nicolae_vaults_angled_halls,
          nicolae_vaults_trapezoid_lopsided_3, vaults_room_hallway,
          ontoclasm_vaults_chip, hangedman_vaults_trim, nicolae_vaults_house_3,
          nicolae_vaults_two_Ls, layout_vaults_omnicross, serial_shops, shop,
          uniq_saint_roka
Vaults:2: v_rooms_5, ontoclasm_vaults_idyll, nicolae_vaults_off_center_swirl,
          vaults_mumra_hex, hangedman_vaults_hat, hangedman_vaults_stitches,
          v_misc_12, nicolae_vaults_little_squares_2,
          vaults_room_mumra_shop_pool, nicolae_vaults_little_squares_5,
          nicolae_vaults_trapezoid_4, nicolae_vaults_tangram_1,
          vaults_room_grid, layout_vaults_omnibox, uniq_mara, uniq_boris,
          uniq_xtahua
Vaults:3: portal_desolation_entry_salt, minmay_crypt_entry_vampire_xt,
          nicolae_vaults_storage_room_water, ontoclasm_vaults_ring_small,
          nicolae_vaults_security_offices_6, layout_vaults_omnigrid,
          serial_shops, shop
Vaults:4: hangedman_vaults_impose, nicolae_vaults_closet_pinwheel_6,
          vaults_mumra_chevron, nicolae_vaults_more_shelving_1,
          nicolae_vaults_lightning_bolt, nicolae_vaults_shipping_containers_2,
          nicolae_vaults_theta, vaults_mumra_hexcomb, vaults_dpeg_spiral,
          vaults_dpeg_encased_lava, ontoclasm_vaults_loading_screen, v_misc_11,
          v_misc_25, nicolae_vaults_closet_pinwheel_4, layout_vaults_ring,
          serial_shops, nicolae_shop_crystal
Vaults:5
Crypt:1:  layout_gridlike, palyth_stone_intersect, grunt_crypt_arrival_split
Crypt:2:  layout_regular_city, uniq_jory, uniq_bai_suzhen, uniq_grunn
Crypt:3:  due_elkab, layout_chaotic_city
Depths:1: layout_cave_shapes, hellmouth_1, dreamdust_wishing_well,
          nicolae_uskayaw_murder_on_the_dancefloor, minmay_shop_grove
Depths:2: kennysheep_demon_jail, layout_basic, pan_entry, serial_shops,
          nicolae_shop_tiny_real_fake_doors, grunt_hell_entry_dis_old,
          minmay_staircase_bubble, kennysheep_random_hallway,
          serial_bayou_shore_b
Depths:3: radiant_caverns_a_rkd, abyss_entry, hell_entry, uniq_margery
Depths:4: grunt_zot_entry_bicorn, layout_basic, pf_hell_entry_tar_spiral,
          nicolae_twisting_strands, serial_bayou_lake_a
Zot:1:    layout_cathedral_of_symmetry, grunt_megastairs_4
Zot:2:    kennysheep_blocky_room, layout_gridlike
Zot:3:    layout_cathedral_of_symmetry, uniq_tiamat, uniq_josephina
Zot:4:    cheibrodos_frozen_isle, layout_cathedral_of_symmetry,
          grunt_megastairs_1
Zot:5:    layout_gridlike

Action                     |  1- 3 |  4- 6 |  7- 9 | 10-12 | 13-15 | 16-18 | 19-21 | 22-24 | 25-27 || total
---------------------------+-------+-------+-------+-------+-------+-------+-------+-------+-------++-------
  Melee: Unarmed           |       |     8 |       |       |       |       |       |       |       ||     8
   Fire: Sling             |    48 |   350 |   128 |       |    71 |       |       |       |       ||   597
         Arbalest          |       |       |   151 |   458 |    10 |       |       |       |       ||   619
         Hand cannon       |       |       |       |       |  1155 |  1578 |  1564 |  2064 |  1826 ||  8187
  Throw: Dart              |       |       |     4 |    13 |     1 |     1 |       |     1 |       ||    20
   Cast: Sting             |    22 |       |       |       |       |       |       |       |       ||    22
 Invoke: Heroism           |       |       |       |     6 |     3 |     6 |     1 |       |       ||    16
         Finesse           |       |       |       |       |     6 |    15 |    12 |     8 |     9 ||    50
         Receive Weapon    |       |       |       |       |     1 |       |       |       |       ||     1
         Receive Armour    |       |       |       |       |     1 |       |       |       |       ||     1
  Evoke: Wand              |       |     2 |     5 |     7 |       |       |       |       |     5 ||    19
         Lightning rod     |       |       |       |     4 |       |     2 |     4 |       |       ||    10
    Use: Scroll            |     2 |     7 |     7 |     6 |    15 |     9 |    10 |     2 |     9 ||    67
         Potion            |       |       |     3 |       |     4 |     3 |     1 |     1 |     9 ||    21
 Armour: Leather armour    |     3 |       |       |       |    98 |    83 |    90 |    69 |    65 ||   408
         Ring mail         |       |    70 |    99 |   249 |     1 |       |       |       |       ||   419
         Skin              |       |     3 |     5 |       |       |       |       |       |       ||     8
         Fire dragon scale |       |       |       |       |       |     6 |       |       |       ||     6
  Dodge: Dodged            |     5 |    58 |    47 |   173 |   171 |   466 |   337 |   318 |   247 ||  1822
  Block: Other             |       |       |     3 |    73 |    36 |    61 |     1 |       |       ||   174
         Reflection        |       |       |       |     1 |     5 |     4 |       |       |       ||    10
